AoeStats
← Mob Psycho 100

Coastal Forest

510601672Analyzed
3v3 RM · 1d ago on Oct 1, 2026· 41m 58s· 6 players
Game mode
Random Map
Map size
Normal (6 player)
Population
200
Speed
Normal
Resources
Standard
Victory
Conquest
Starting age
Dark Age
Ending age
Imperial Age
RankedLock teamsTeams togetherTeam positionsShared explorationLock speedFull tech treeHidden civsTurbo modeCheats
Victory
Defeat
🇬🇧 Varangians · United Kingdom
1127
+13
🇫🇷 Italians · France
1090
+14
🇧🇴 Malay · Bolivia
1076
+15
🇳🇴 Khmer · Norway
1096
-16
🇳🇴 Varangians · Norway
1042
-14
🇳🇴 Danes · Norway
1005
-12
-poZ-Tryphe
8:04 Loom
10:36 Feudal Age
16:06 Castle Age
14:55 Double-Bit Axe
16:05 Fletching
16:40 Crossbowman
19:06 Wheelbarrow
21:15 Ballistics
22:42 Bodkin Arrow
25:13 Padded Archer Armor
28:20 Bow Saw
28:47 Thumb Ring
29:36 Leather Archer Armor
32:24 Town Watch
33:04 Hand Cart
34:30 Pikeman
35:11 Squires
35:13 Scale Mail Armor
39:36 Imperial Age
39:02 Gold Mining
39:00 Horse Collar
40:18 Bracer
41:20 Chemistry
42:16 Masonry
Pintley
4:21 Loom
11:20 Feudal Age
12:01 Double-Bit Axe
17:12 Castle Age
15:30 Horse Collar
16:15 Forging
17:45 Fishing Lines
18:33 Bloodlines
18:24 Husbandry
20:08 Scale Barding Armor
20:15 Gillnets
24:30 Wheelbarrow
24:38 Town Watch
25:34 Chain Barding Armor
25:43 Gold Mining
26:54 Iron Casting
27:08 Hand Cart
31:10 Stone Mining
31:59 Fletching
32:42 Bodkin Arrow
33:50 Ballistics
34:26 Bow Saw
38:31 Imperial Age
36:31 Vendel Legacy
39:04 Cavalier
42:06 Plate Barding Armor
42:10 Careening
42:13 Clinker Construction
Mob Psycho 100
6:48 Loom
10:03 Feudal Age
15:06 Castle Age
23:33 Gold Mining
24:12 Fletching
25:47 Crossbowman
32:23 Imperial Age
30:29 Wheelbarrow
31:10 Bodkin Arrow
33:56 Bracer
34:47 Arbalester
36:15 Padded Archer Armor
40:23 Thumb Ring
41:50 Treadmill Crane
43:11 Chemistry
42:31 Ballistics
legend
10:10 Feudal Age
8:28 Loom
13:26 Double-Bit Axe
13:37 Horse Collar
17:29 Gold Mining
20:00 Castle Age
18:04 Stone Mining
19:32 Wheelbarrow
20:11 Fletching
20:54 Padded Archer Armor
20:25 Elite Skirmisher
22:30 Stone Shaft Mining
22:08 Bow Saw
22:00 Heavy Plow
23:29 Town Watch
24:24 Squires
25:51 Gambesons
26:10 Scale Mail Armor
26:21 Forging
26:30 Hand Cart
31:26 Leather Archer Armor
dachi
9:58 Loom
12:12 Feudal Age
15:58 Castle Age
14:52 Double-Bit Axe
15:08 Stone Mining
15:42 Fishing Lines
17:40 Bow Saw
17:40 Gillnets
21:30 Forging
24:26 Husbandry
24:34 Scale Barding Armor
26:30 Fletching
29:52 Chain Barding Armor
30:08 Iron Casting
33:41 Ballistics
33:17 Murder Holes
34:30 Bloodlines
35:37 Padded Archer Armor
35:33 Bodkin Arrow
35:00 Elite Skirmisher
41:28 Leather Archer Armor
pwnvind
0:25 Loom
13:03 Feudal Age
15:05 Double-Bit Axe
22:17 Castle Age
27:17 Wheelbarrow
26:23 Horse Collar
26:55 Bow Saw
27:23 Husbandry
36:58 Hand Cart
40:18 Town Watch
41:51 Town Patrol
Connection lost

Rejoining the realm…

Still unreachable

The connection could not be restored.

Session expired

The server has moved on; the page needs a fresh start.